Get step-by-step instructions on how to execute this build order below. Start the game timer, and the build order will tick by so you can play in parallel with StarCraft on a second screen or mobile device.

Game Time

  0:00

Last Step

  N/A

Next Step

Upcoming Step



Don't want to look back and forth between 2 screens? Try out our Overwolf App, the Spawning Tool Build Advisor to get an in-game overlay with this build!

Complete Build Order

  12  0:00  Probe  
  13  0:12  Probe  
  14  0:16  Pylon  
  14  0:24  Probe (Chrono Boost)  
  16  0:35  Gateway  
  16  0:36  Probe (Chrono Boost)  
  16  0:41  Probe (Chrono Boost)  
  16  0:44  Assimilator  
  17  0:51  Probe  
  18  1:03  Probe  
  19  1:15  Probe  
  20  1:22  Cybernetics Core  
  20  1:29  Nexus  
  20  1:33  Probe  
  21  1:40  Pylon  
  21  1:46  Probe  
  22  1:49  Assimilator  
  22  1:55  Adept (Chrono Boost)  
  22  1:58  Probe  
  22  2:00  Warp Gate  
  25  2:10  Probe  
  26  2:15  Adept (Chrono Boost)  
  26  2:22  Probe  
  29  2:34  Probe  
  30  2:43  Twilight Council  
  30  2:44  Probe (Chrono Boost)  
  30  2:50  Probe (Chrono Boost)  
  32  2:56  Probe (Chrono Boost)  
  33  3:01  Probe (Chrono Boost)  
  33  3:02  Sentry, Probe (Chrono Boost)  
  33  3:04  Gateway  
  37  3:10  Probe  
  37  3:11  Probe  
  39  3:18  Blink (Chrono Boost)  
  39  3:22  Probe  
  39  3:23  Probe  
  39  3:35  Probe x2  
  39  3:39  Phoenix  
  41  3:42  Nexus  
  41  3:47  Probe  
  42  3:50  Stalker  
  42  3:51  Probe  
  45  3:59  Robotics Facility, Probe  
  45  4:02  Pylon  
  46  4:04  Pylon  
  46  4:13  Assimilator  
  46  4:15  Assimilator  
  46  4:20  Stalker x2, Probe x2  
  52  4:32  Probe x2  
  54  4:44  Probe x2  
  56  4:48  Stalker x2  
  58  4:54  Probe  
  58  4:56  Probe x2  
  58  4:58  Observer (Chrono Boost)  
  61  5:06  Probe, Robotics Bay  
  62  5:08  Probe x2  
  62  5:13  Stalker x2  
  68  5:18  Probe  
  68  5:20  Probe x2  
  71  5:23  Observer (Chrono Boost)  
  71  5:27  Shield Battery  
  72  5:28  Pylon  
  72  5:30  Probe  
  72  5:32  Probe x2  
  75  5:36  Pylon  
  73  5:43  Probe  
  73  5:44  Probe x2  
  73  5:46  Shield Battery  
  76  5:50  Colossus (Chrono Boost)  
  76  5:55  Probe  
  76  5:56  Probe  
  76  5:57  Gateway, Charge  
  84  6:00  Gateway  
  84  6:02  Extended Thermal Lance  
  84  6:03  Probe  
  85  6:04  Gateway  
  85  6:08  Pylon  
  85  6:17  Sentry  
  86  6:18  Zealot  
  86  6:24  Gateway  
  88  6:26  Observer, Gateway  
  88  6:28  Gateway, Colossus (Chrono Boost)  
  94  6:35  Shield Battery  
  94  6:37  Pylon  
  94  6:40  Zealot x2  
  94  6:41  Pylon  
  96  6:57  Stalker x2  
  98  7:07  Zealot x3, Warp Prism (Chrono Boost)  
  104  7:11  Pylon  
  104  7:13  Pylon  
  104  7:21  Zealot x4  
  92  7:30  Stalker x4  
  100  7:40  Colossus (Chrono Boost)  
  109  7:46  Zealot x4  
  112  8:03  Stalker x4  
  120  8:12  Stalker x4  
  122  8:20  Observer  
  118  8:31  Stalker x4  
  126  8:37  Pylon, Stalker x3